 Dungeon Crawl Stone Soup version 0.24.1-8-ga250c9d538 (webtiles) character file.

Game seed: 17126367146459471941, levelgen mode: deterministic

18008 Atelerd the Thaumaturge (level 12, 0/57 HPs)
             Began as an Octopode Wizard on May 6, 2020.
             Was an Elder of Sif Muna.
             Killed from afar by an electric eel (10 damage)
             ... with a bolt of electricity
             ... on level 3 of the Lair of Beasts.
             The game lasted 00:48:50 (16773 turns).

Atelerd the Thaumaturge (Octopode Wizard)          Turns: 16773, Time: 00:48:51

Health: 0/57       AC: 11    Str:  9    XL:     12   Next: 54%
Magic:  25/35      EV: 16    Int: 25    God:    Sif Muna [****..]
Gold:   784        SH:  0    Dex: 10    Spells: 18/32 levels left

rFire    . . .     SeeInvis .   F - +1 scimitar (drain)
rCold    . . .     Gourm    +   (no shield)
rNeg     . . .     Faith    .   a - +0 hat
rPois    .         Spirit   .   o - amulet of the gourmand
rElec    .         Reflect  .   g - +5 ring of protection
rCorr    .         Harm     .   q - ring of magical power
MR       +....                  z - +3 ring of protection
Stlth    +++++.....             E - +1 ring of evasion
HPRegen  0.19/turn              U - +2 ring of strength
MPRegen  0.24/turn              (no ring)
                                (no ring)
                                (no ring)

@: no status effects
A: almost no armour, stealthy swim, amphibious, 8 rings, constrict 8, antennae
1, molten scales 1, camouflage 1, frail 2, magic resistance 1, wild magic 1,
gelatinous body 1
a: Channel Magic, Forget Spell, Divine Exegesis, Renounce Religion


You were on level 3 of the Lair of Beasts.
You worshipped Sif Muna.
Sif Muna was greatly pleased with you.
You were very hungry.

You visited 3 branches of the dungeon, and saw 15 of its levels.
You also visited: Ossuary.

You collected 826 gold pieces.
You spent 42 gold pieces at shops.

Inventory:

Hand Weapons
 f - a +0 dagger of venom
 F - a +1 scimitar of draining (weapon)
 P - a cursed -3 falchion
Missiles
 l - 69 poisoned darts (quivered)
Armour
 a - a +0 hat (worn)
Magical Staves
 D - an uncursed staff of summoning
Jewellery
 g - a +5 ring of protection (left tentacle)
 o - an amulet of the gourmand (around mantle)
 q - a ring of magical power (right tentacle)
 z - a +3 ring of protection (on tentacle)
 E - a +1 ring of evasion (on tentacle)
 H - an uncursed amulet of faith {unknown}
 I - the brooch of Shielding {Reflect SH+8}
   (You found it on level 9 of the Dungeon)

   [amulet of reflection]

   It shields you and reflects attacks.
   It affects your SH (+8).
 N - an uncursed ring of flight
 O - an uncursed ring of fire
 U - a +2 ring of strength (on tentacle)
Wands
 u - a wand of iceblast (14)
 K - a wand of enslavement (7)
 L - a wand of disintegration (26)
 R - a wand of clouds (10)
Scrolls
 b - a scroll of blinking
 d - 3 scrolls of fear
 h - 2 scrolls of amnesia
 i - 6 scrolls of teleportation
 m - 5 scrolls of enchant armour
 p - 2 scrolls of enchant weapon
 r - 7 scrolls of remove curse
 v - 2 scrolls of immolation
 y - a scroll of vulnerability
 A - 6 scrolls of magic mapping
 C - 2 scrolls of fog
 M - a scroll of holy word
 Q - 2 scrolls of noise {unknown}
 T - a scroll of summoning {unknown}
Potions
 e - 4 potions of flight
 j - 6 potions of heal wounds {unknown}
 k - a potion of brilliance {unknown}
 n - a potion of magic {unknown}
 s - 5 potions of lignification
 t - 3 potions of degeneration {unknown}
 w - a potion of cancellation
 x - a potion of ambrosia {unknown}
 B - 2 potions of might {unknown}
 G - 3 potions of haste {unknown}
 J - 2 potions of curing
 S - a potion of resistance {unknown}
Comestibles
 c - 24 rations


   Skills:
 - Level 3.0 Fighting
 - Level 5.0 Dodging
 - Level 5.0 Stealth
 + Level 10.9 Spellcasting
 - Level 10.2 Conjurations
   Level 1.0 Summonings
 - Level 3.0 Translocations
 + Level 6.9 Fire Magic
 - Level 2.0 Air Magic
 - Level 2.0 Poison Magic
 - Level 9.0 Invocations
 - Level 2.0 Evocations


You had 18 spell levels left.
You knew the following spells:

 Your Spells              Type           Power        Failure   Level  Hunger
a - Magic Dart            Conj           ####         1%          1    None
b - Mephitic Cloud        Conj/Pois/Air  #####...     3%          3    None
c - Blink                 Tloc           N/A          3%          2    None
d - Conjure Flame         Conj/Fire      ######..     1%          3    None
e - Fireball              Conj/Fire      ######....   6%          5    ####...

Your spell library contained the following spells:

 Spells                   Type           Power        Failure   Level  Hunger
 Flame Tongue             Conj/Fire      #####        1%          1    None
 Throw Flame              Conj/Fire      ######       1%          2    None
 Apportation              Tloc           #####.       2%          1    None
 Sticky Flame             Conj/Fire      ######..     2%          4    None
 Summon Small Mammal      Summ           ###.         5%          1    None
 Inner Flame              Hex/Fire       #####...     5%          3    None
 Call Imp                 Summ           ###.....     7%          2    None
 Animate Skeleton         Necr           N/A          8%          1    None
 Confusing Touch          Hex            ###...       8%          1    None
 Pain                     Necr           ###.         8%          1    None
 Recall                   Summ/Tloc      N/A          10%         3    None
 Slow                     Hex            ###.....     11%         2    None
 Regeneration             Chrm/Necr      ###.......   21%         3    None
 Vampiric Draining        Necr           ###.......   21%         3    None
 Animate Dead             Necr           N/A          50%         4    None
 Borgnjor's Vile Clutch   Necr/Erth      ###.......   83%         5    ####...
 Death Channel            Necr           ###.......   100%        6    #####..
 Simulacrum               Ice/Necr       ###.......   100%        6    #####..


Dungeon Overview and Level Annotations

Branches:
Dungeon (12/15)            Temple (1/1) D:5            Lair (3/6) D:8
  Swamp (0/4) Lair:3      Ossuary (visited)
  Snake: Lair:2-4    Spider: Lair:2-4       Orc: D:9-12

Altars:
Ashenzari
Cheibriados
Dithmenos
Elyvilon
Gozag
Kikubaaqudgha
Okawaru
Qazlal
Ru
Sif Muna
Trog
Uskayaw
Vehumet
Wu Jian
Xom
Zin
The Shining One

Shops:
D:7 *

Annotations:
D:6 exclusion: downstairs
D:7 exclusion: downstairs
D:8 Gastronok; Pikel
D:9 1 runed translucent door, raetorn's ghost, novice OpWz
D:11 exclusion: downstairs
Lair:2 exclusion: downstairs


Innate Abilities, Weirdness & Mutations

You cannot wear most types of armour.
You are very stealthy in the water. (Stealth+)
You are amphibious.
You can wear up to eight rings at the same time.
You can use your tentacles to constrict eight enemies at once.
Your skin changes colour to match your surroundings (Stealth+).
Your rubbery body absorbs attacks. (AC +1, EV +1)
You have a pair of small antennae on your head.
You are partially covered in molten scales. (AC +2)
You are very frail. (-20% HP)
You are resistant to hostile enchantments. (MR+)
Your spells are a little harder to cast, but a little more powerful.


Message History

Okay, then.
Casting: Fireball (safe; 6% risk of failure)
Confirm with . or Enter, or press ? or * to list all spells.
Aiming: Mephitic Cloud (safe; 3% risk of failure)
Press: ? - help, Shift-Dir - straight line, f - swamp worm
Aim: a swamp worm (heavily wounded)
The ball explodes into a vile cloud!
The stinking cloud engulfs the swamp worm but does no damage.
The swamp worm is heavily wounded.
The bog body points at you and mumbles some strange words.
The bolt of cold hits you.
The swamp worm is engulfed in noxious fumes.
The swamp worm throws harpoon shot at you.
The harpoon shot hits you!!
* * * LOW HITPOINT WARNING * * *
You are yanked forward by the harpoon shot.
Floosh!
The electric eel shoots out a bolt of lightning at you!
The bolt of electricity hits you!
You die...

#...# #.# ###...#### ##.##
.##...##.# #### #P.P#
).......♣♣ #..#####P.##
...♣♣♣♣♣♣♣♣♣♣♣♣♣♣♣♣♣.........#
.♣♣♣≈≈≈≈♣≈≈≈≈§§≈§;n♣♣........#
⌠...........♣§○☼○§§♣♣PP#####.#
⌠.....♣.....[.♣w§§≈♣♣### #.##
.♣♣♣≈≈≈≈♣≈≈≈≈≈♣♣@§§♣ ##..#
...♣♣♣♣♣♣♣♣♣♣♣♣♣♣♣♣♣ #..##
#.......♣ #..# ##.#...♣# ♣##
########## #..##
###.....####.###.#.#.P..###..P#
.............................P#
..............................#
.##...#.##.P####.#.########..P#
######.###### ##.## ##.##


You could see a bog body, a swamp worm and an electric eel.

Vanquished Creatures
  2 hydras
  Harold (D:7)
  2 two-headed ogres
  An ugly thing (D:9)
  Joseph (D:7)
  An elephant (D:8)
  A gargoyle (D:11)
  4 spiny frogs
  A rime drake (Lair:2)
  3 komodo dragons
  A queen bee (D:8)
  A troll (D:11)
  2 hornets
  A blink frog (Lair:3)
  2 bog bodies (Lair:3)
  6 hippogriffs
  Sigmund (D:3)
  3 basilisks
  A steam dragon (Lair:3)
  10 yaks
  A hungry ghost (D:7)
  Menkaure (D:7)
  6 water moccasins
  3 porcupines
  A sky beast (D:9)
  2 black bears (D:10)
  A necrophage (D:8)
  3 orc warriors
  An eye of draining (D:10)
  3 ice beasts
  8 ogres
  7 wolves
  2 centaurs
  3 crocodiles
  11 bullfrogs
  A wyvern skeleton (D:7)
  A scorpion (D:6)
  13 killer bees
  3 howler monkeys
  5 crimson imps
  2 jellies
  2 bullfrog zombies
  A centaur zombie (D:7)
  A bullfrog skeleton (D:9)
  4 hounds
  4 orc priests
  A centaur skeleton (D:9)
  2 iguanas
  Jessica (D:3)
  7 orc wizards
  Natasha (D:3)
  6 worker ants
  A killer bee zombie (D:5)
  A hound skeleton (D:11)
  A hound zombie (D:7)
  9 mummies
  2 worker ant zombies
  Robin (D:3)
  12 adders
  6 gnolls (D:5)
  4 shadow imps
  An adder skeleton (D:10)
  2 worms (D:3)
  3 dart slugs
  8 leopard geckos
  28 orcs
  13 bats
  3 giant cockroaches
  13 goblins
  10 hobgoblins
  4 kobolds
  2 quokkas
  3 frilled lizards
  2 gnoll zombies (Ossuary)
  A goblin zombie (D:5)
  A hobgoblin zombie (Ossuary)
  5 kobold zombies
  A leopard gecko zombie (D:7)
  An orc zombie (Ossuary)
  A quokka zombie (D:6)
  4 rats
296 creatures vanquished.

Vanquished Creatures (collateral kills)
  A killer bee (D:8)
1 creature vanquished.

Vanquished Creatures (others)
  A bush (Lair:1)
  2 fungi
3 creatures vanquished.

Grand Total: 300 creatures vanquished

Notes
Turn   | Place    | Note
-------+----------+-------------------------------------------
     0 | D:1      | Atelerd the Octopode Wizard began the quest for the Orb.
     0 | D:1      | Reached XP level 1. HP: 11/11 MP: 4/4
   266 | D:1      | Reached XP level 2. HP: 10/17 MP: 3/6
   926 | D:2      | Reached XP level 3. HP: 19/21 MP: 2/7
   934 | D:2      | Learned a level 3 spell: Mephitic Cloud
   937 | D:2      | Learned a level 2 spell: Blink
  1635 | D:2      | Reached XP level 4. HP: 27/27 MP: 9/9
  1698 | D:2      | Found an ornate altar of the Wu Jian Council.
  2167 | D:3      | Noticed Sigmund
  2182 | D:3      | Killed Sigmund
  2182 | D:3      | Reached XP level 5. HP: 23/31 MP: 11/11
  2182 | D:3      | Reached XP level 6. HP: 27/36 MP: 12/12
  2239 | D:3      | Noticed Natasha
  2240 | D:3      | Noticed Jessica
  2251 | D:3      | Reached skill level 5 in Conjurations
  2254 | D:3      | Killed Jessica
  2270 | D:3      | Killed Natasha
  2387 | D:3      | Learned a level 3 spell: Conjure Flame
  2418 | D:3      | Found a radiant altar of Vehumet.
  2439 | D:3      | Noticed Robin
  2479 | D:3      | Killed Robin
  2569 | D:3      | Found a glowing golden altar of the Shining One.
  2601 | D:3      | You fall into a shaft and drop 2 floors!
  2601 | D:5      | Entered Level 5 of the Dungeon
  2632 | D:5      | Reached XP level 7. HP: 37/42 MP: 13/13
  2654 | D:5      | Found a staircase to the Ecumenical Temple.
  2667 | D:5      | Reached skill level 1 in Evocations
  2676 | D:5      | Reached skill level 1 in Fighting
  2961 | D:5      | Found a sand-covered staircase.
  2969 | Ossuary  | Entered an ossuary
  3066 | Ossuary  | Reached skill level 5 in Spellcasting
  3067 | Ossuary  | Reached XP level 8. HP: 39/50 MP: 4/15
  3080 | Ossuary  | Gained mutation: You tend to lose your temper in combat.
                  | [potion of mutation]
  3080 | Ossuary  | Gained mutation: You are resistant to hostile enchantments.
                  | (MR+) [potion of mutation]
  3080 | Ossuary  | Gained mutation: You are weak. (Str -2) [potion of
                  | mutation]
  3080 | Ossuary  | Gained mutation: Your mind is acute. (Int +2) [potion of
                  | mutation]
  3109 | Ossuary  | Lost mutation: Your mind is acute. (Int +2) [potion of
                  | mutation]
  3109 | Ossuary  | Lost mutation: You are resistant to hostile enchantments.
                  | (MR+) [potion of mutation]
  3109 | Ossuary  | Gained mutation: You are resistant to hostile enchantments.
                  | (MR+) [potion of mutation]
  3109 | Ossuary  | Gained mutation: You have supernaturally acute eyesight.
                  | (SInv) [potion of mutation]
  3110 | Ossuary  | Lost mutation: You have supernaturally acute eyesight.
                  | (SInv) [potion of mutation]
  3110 | Ossuary  | Gained mutation: You are partially covered in molten
                  | scales. (AC +2) [potion of mutation]
  3110 | Ossuary  | Lost mutation: You are weak. (Str -2) [potion of mutation]
  3479 | Ossuary  | Lost mutation: You tend to lose your temper in combat.
                  | [potion of mutation]
  3479 | Ossuary  | Gained mutation: You are frail. (-10% HP) [potion of
                  | mutation]
  3479 | Ossuary  | Gained mutation: Your spells are a little harder to cast,
                  | but a little more powerful. [potion of mutation]
  3479 | Ossuary  | Gained mutation: You are very frail. (-20% HP) [potion of
                  | mutation]
  3479 | Ossuary  | Gained mutation: You have a pair of small antennae on your
                  | head. [potion of mutation]
  4058 | Temple   | Entered the Ecumenical Temple
  4212 | Temple   | Became a worshipper of Sif Muna the Loreminder
  4282 | D:6      | Reached skill level 5 in Stealth
  4477 | D:6      | Reached skill level 1 in Poison Magic
  4477 | D:6      | Reached skill level 1 in Invocations
  4478 | D:6      | Reached skill level 1 in Air Magic
  5180 | D:6      | Found a shadowy altar of Dithmenos.
  5289 | D:6      | Reached XP level 9. HP: 44/44 MP: 17/17
  5448 | D:7      | Found Tesesk's Assorted Antiques.
  5482 | D:7      | Bought a scroll labeled JERUZIE ESEUJIMP for 21 gold pieces
  5482 | D:7      | Bought a scroll labeled TAOZEF HYFEE for 21 gold pieces
  5512 | D:7      | Reached * piety under Sif Muna
  5539 | D:7      | Noticed Menkaure
  6150 | D:7      | Found a sacrificial altar of Ru.
  6179 | D:7      | Noticed Joseph
  6498 | D:8      | Noticed Pikel
  6683 | D:7      | Noticed Harold
  6707 | D:7      | Reached skill level 5 in Dodging
  6820 | D:7      | Killed Joseph
  6823 | D:7      | Killed Menkaure
  7082 | D:7      | Killed Harold
  7082 | D:7      | Reached XP level 10. HP: 48/50 MP: 8/21
  7592 | D:8      | Found a snail-covered altar of Cheibriados.
  7614 | D:8      | Found a staircase to the Lair.
  7614 | D:8      | Noticed an elephant
  7643 | D:8      | Killed an elephant
  7887 | D:8      | Reached ** piety under Sif Muna
  8047 | D:8      | Noticed a two-headed ogre
  8149 | D:8      | Reached skill level 1 in Fire Magic
  8324 | D:8      | Killed a two-headed ogre
  8533 | D:8      | Reached skill level 5 in Invocations
  9188 | D:8      | Noticed Gastronok
  9311 | D:9      | Found the brooch of Shielding {Reflect SH+8}
  9329 | D:9      | Noticed a +0 hand axe
  9329 | D:9      | Noticed a -1 hand axe
  9331 | D:9      | Found a hide-covered altar of Uskayaw.
  9371 | D:9      | Noticed a purple ugly thing
  9386 | D:9      | Killed a purple ugly thing
  9386 | D:9      | Reached XP level 11. HP: 31/53 MP: 21/23
  9801 | D:9      | Noticed raetorn's ghost (novice OpWz)
  9802 | D:9      | Found a runed translucent door.
 10007 | D:9      | Found an ancient bone altar of Kikubaaqudgha.
 10251 | D:10     | Entered Level 10 of the Dungeon
 10579 | D:10     | Reached skill level 10 in Conjurations
 10709 | D:10     | Reached *** piety under Sif Muna
 10725 | D:10     | Noticed a two-headed ogre
 10937 | D:10     | Killed a two-headed ogre
 11621 | D:11     | Learned a level 5 spell: Fireball
 12780 | Lair:1   | Entered Level 1 of the Lair of Beasts
 12780 | Lair:1   | Noticed a seven-headed hydra
 12784 | Lair:1   | Killed a seven-headed hydra
 12943 | Lair:1   | HP: 1/53 [komodo dragon (20)]
 13264 | Lair:1   | Reached skill level 10 in Spellcasting
 13436 | Lair:1   | Reached XP level 12. HP: 57/57 MP: 3/26
 13657 | Lair:1   | Reached skill level 5 in Fire Magic
 14192 | Lair:2   | Reached **** piety under Sif Muna
 16305 | Lair:3   | Noticed a six-headed hydra
 16314 | Lair:3   | Killed a six-headed hydra
 16771 | Lair:3   | Found a staircase to the Swamp.
 16773 | Lair:3   | Killed from afar by an electric eel

Levels and vault maps discovered:
D:1:      ncdulo_smallfort, layout_loops_cross, minivault_27
D:2:      layout_loops_ring, lemuel_coloured_pillars_altar, minmay_pentomino_v2
D:3:      layout_basic, lemuel_round_altar, lemuel_round_altar,
          minmay_misc_feat_nine_boxes, uniq_crazy_yiuf_cottage, uniq_sigmund,
          uniq_jessica, uniq_robin, uniq_natasha
D:5:      layout_loops_ring, temple_fountains, first_ration,
          nicolae_ossuary_entry_giza, serial_bayou_pond_d,
          chequers_serial_rivers_micro_a, st_stairs_9,
          kennysheep_decorative_pillar, roderic_batcave
D:6:      layout_layer_cave, kennysheep_mini
D:7:      layout_basic, serial_shops, nicolae_shop_stone,
          nicolae_ru_sacrificial_ziggurat, uniq_joseph, uniq_harold,
          uniq_menkaure
D:8:      minmay_s_stair_smasher, layout_loops_ring, marbit_many_paths,
          old_standard_altar, david_lair_generic, david_nohive_1,
          ebering_dispersal_statue_hall, minmay_diamond_spiral, uniq_pikel,
          uniq_gastronok
D:9:      layout_roguey, dancing_weapons_uskayaw, lemuel_doored_altar,
          hellmonk_ghost_happy_afterlife
D:10:     layout_small_grid, solitary_fountain, grunt_potential
D:11:     layout_small_grid, minmay_diced_spiral
D:12:     layout_loops_ring, erik_orc_3, serial_ice, serial_ice_b, serial_ice_c,
          serial_ice_a, serial_ice_j, serial_ice_f, serial_ice_h, serial_ice_e,
          serial_ice_d, introduction_to_nature_2, uniq_frances, uniq_sonja
Temple:   dpeg_chambers_temple
Lair:1:   layout_roguey, nicolae_volcano_entry_hallway, lemuel_fruit_tree,
          grunt_megastairs_4
Lair:2:   wander_river, layout_layer_cave
Lair:3:   layout_long_grid, nicolae_swamp_entry_splash_gauntlet,
          grunt_megastairs_5

Skill      XL: |  1  2  3  4  5  6  7  8  9 10 11 12 |
---------------+-------------------------------------+-----
Conjurations   | 2 3 4 5 6 8 9 10 | 10.2
Spellcasting   | 4 5 7 8 10 | 10.9
Stealth        | 3 4 5 |  5.0
Evocations     | 2 |  2.0
Fighting       | 2 3 |  3.0
Dodging        | 3 4 5 |  5.0
Poison Magic   | 2 |  2.0
Invocations    | 2 4 5 8 9 |  9.0
Air Magic      | 1 2 |  2.0
Fire Magic     | 2 4 6 |  6.9
Translocations | 3 |  3.0
Summonings     | |  1.0

Action                   |  1- 3 |  4- 6 |  7- 9 | 10-12 || total
-------------------------+-------+-------+-------+-------++-------
Melee: Dagger            |    56 |   112 |   190 |    34 ||   392
       Unarmed           |     4 |       |       |       ||     4
       Constrict         |    19 |    31 |    52 |    48 ||   150
       Tentacles         |    11 |     8 |    35 |    45 ||    99
       Scimitar          |       |       |       |   172 ||   172
Throw: Dart              |       |       |     9 |     7 ||    16
 Cast: Magic Dart        |    15 |    17 |   155 |   230 ||   417
       Mephitic Cloud    |       |    12 |    32 |    56 ||   100
       Blink             |       |     5 |     7 |     9 ||    21
       Conjure Flame     |       |     1 |    20 |    41 ||    62
       Fireball          |       |       |       |    54 ||    54
Invok: Channel Magic     |       |       |       |     1 ||     1
Evoke: Wand              |       |       |     6 |       ||     6
  Use: Potion            |       |     2 |     7 |     1 ||    10
       Scroll            |       |     3 |     4 |     9 ||    16
 Stab: Sleeping          |     6 |     4 |     4 |     8 ||    22
       Confused          |       |     2 |     6 |    10 ||    18
  Eat: Chunk             |     2 |    13 |    12 |    32 ||    59
       Ration            |       |       |       |     1 ||     1
Armor: Skin              |    14 |    22 |    66 |    50 ||   152
Dodge: Dodged            |    25 |    75 |   155 |   156 ||   411
Block: Other             |       |       |       |    36 ||    36
       Reflection        |       |       |       |     3 ||     3
       Rpst.: Scimitar   |       |       |       |    40 ||    40
